Map: Blueshift LE

Players

Bunny - Winner!

  • Race: Terran Terran
  • League: Diamond
  • Spawn Location: 1:00

HellraiseR

  • Race: Protoss Protoss
  • League: Master
  • Spawn Location: 7:00

Event: HomeStory Cup XVIII

VOD

Have the link to the VOD?

Description

Time

  • Played on: Nov. 23, 2018, 6:58 a.m.
  • Length: 10:36

All games in this series

Show
View Real Time Build Order
Export as new Build Order

Bunny Terran - Winner!

Build Orders: Reaper Expand 

Get SALT Encoding   

  12  0:00  SCV  
  13  0:13  SCV  
  14  0:17  Supply Depot  
  14  0:25  SCV  
  15  0:38  SCV  
  15  0:40  Barracks  
  16  0:43  Refinery  
  16  0:50  SCV  
  17  1:02  SCV  
  18  1:15  SCV  
  19  1:27  Reaper, Orbital Command  
  20  1:42  Command Center  
  20  1:52  Supply Depot  
  20  1:53  SCV  
  21  1:59  Marine  
  22  2:05  SCV  
  23  2:09  Factory  
  23  2:18  SCV  
  23  2:19  Refinery  
  23  2:20  Barracks Reactor  
  24  2:30  Barracks, SCV  
  25  2:42  SCV  
  26  2:54  Factory Tech Lab, Orbital Command, SCV  
  26  2:57  Marine x2  
  29  3:06  SCV  
  30  3:13  Cyclone  
  30  3:15  Marine x2  
  30  3:18  SCV  
  30  3:19  Barracks Tech Lab  
  36  3:21  SCV  
  37  3:30  Supply Depot, SCV  
  37  3:33  Marine x2, SCV  
  41  3:38  Marine  
  41  3:39  Stimpack  
  42  3:41  Engineering Bay  
  42  3:45  Widow Mine  
  42  3:47  SCV x2  
  46  3:51  Marine  
  46  3:52  Marine  
  48  3:56  Marine  
  48  3:57  Supply Depot  
  48  3:59  SCV  
  48  4:00  SCV  
  51  4:05  Bunker  
  51  4:07  Widow Mine  
  53  4:12  Terran Infantry Weapons Level 1  
  53  4:14  Marine  
  54  4:19  Marine x2, SCV x2  
  54  4:22  Supply Depot  
  58  4:31  Starport  
  58  4:35  Factory Reactor, SCV x2  
  60  4:42  Barracks  
  60  4:47  SCV x2  
  60  4:48  Marine  
  60  4:49  Marine x2  
  60  4:51  Refinery  
  65  4:54  Supply Depot  
  65  4:55  Supply Depot  
  65  4:59  SCV x2  
  67  5:07  Marine, Marauder  
  67  5:08  Refinery  
  70  5:16  Marine  
  70  5:18  Supply Depot, Medivac x2  
  70  5:19  SCV  
  70  5:20  SCV  
  77  5:25  Factory Reactor  
  77  5:26  Marine  
  78  5:29  Marauder  
  78  5:31  Combat Shield  
  78  5:33  SCV x2  
  82  5:41  Supply Depot, Marauder  
  84  5:44  Marine x2, Concussive Shells  
  86  5:50  Supply Depot, Marauder  
  86  5:53  Medivac  
  86  5:55  Medivac  
  92  6:01  Widow Mine  
  92  6:03  Widow Mine  
  95  6:07  Command Center  
  95  6:13  Supply Depot, SCV x2  
  97  6:19  Marauder x2, Marine  
  97  6:20  Marine  
  97  6:24  Terran Infantry Armor Level 1  
  103  6:28  Medivac  
  103  6:32  Medivac  
  107  6:34  Supply Depot  
  107  6:41  Marine x2  
  107  6:43  Widow Mine x2  
  107  6:49  SCV x2  
  103  6:54  Marauder x2  
  103  6:58  Medivac  
  103  6:59  Marine x2  
  100  7:04  SCV x2  
  100  7:08  Barracks x2  
  99  7:15  Marauder x2, Medivac  
  92  7:16  Widow Mine, Marine, SCV x2  
  92  7:17  Marine  
  92  7:19  Widow Mine  
  96  7:28  SCV x2  
  98  7:31  Medivac  
  98  7:34  Marine x2  
  98  7:37  Marauder x2  
  106  7:38  Orbital Command  
  106  7:43  Missile Turret, Widow Mine x2  
  110  7:48  SCV x2  
  112  7:52  Marine x2  
  112  7:57  Ghost Academy  
  112  7:58  Marauder x2  
  118  7:59  Barracks Tech Lab, Barracks Reactor  
  118  8:00  Missile Turret  
  118  8:04  Widow Mine x2  
  122  8:07  Missile Turret  
  122  8:10  Marine x2, Medivac  
  126  8:12  Medivac  
  126  8:14  SCV x2  
  126  8:15  SCV  
  126  8:18  Marauder  
  133  8:21  Refinery  
  133  8:22  Refinery  
  133  8:26  Supply Depot x2  
  133  8:28  Marine x2  
  133  8:29  Widow Mine  
  133  8:30  Widow Mine  
  133  8:33  Ghost  
  141  8:39  Supply Depot  
  141  8:40  Marine x2  
  143  8:42  Ghost  
  143  8:45  Marine  
  143  8:46  Marine  
  147  8:52  Ghost  
  147  8:53  Supply Depot  
  149  8:56  Widow Mine  
  149  8:57  Widow Mine  
  149  8:58  Marine x2  
  149  9:02  Supply Depot x2  
  155  9:03  Marine x2  
  154  9:11  Medivac x2  
  154  9:16  Marine x2  
  160  9:18  Widow Mine x2  
  160  9:21  Marine x2  
  159  9:25  Marauder x2  
  159  9:26  Marine  
  160  9:32  SCV x3  
  160  9:34  Marine x2  
  160  9:35  Supply Depot  
  160  9:38  Armory  
  165  9:39  Marine x2  
  165  9:45  Marauder  
  169  9:47  Marauder x2  
  173  9:54  Widow Mine x2  
  173  9:58  Marine x2  
  179  10:01  Medivac x2  
  179  10:03  Marine x2  
  179  10:06  Marauder  
  180  10:08  Marauder x2  
  178  10:16  Marine  
  178  10:17  Marine  
Show
View Real Time Build Order
Export as new Build Order

HellraiseR Protoss 

Build Orders: 1 Gate Expand, Oracle Opening, Phoenix Opening 

Get SALT Encoding   

  12  0:00  Probe  
  13  0:12  Probe  
  14  0:17  Pylon  
  14  0:22  Probe  
  15  0:31  Probe  
  16  0:38  Gateway  
  16  0:39  Probe  
  16  0:47  Assimilator  
  17  0:52  Probe  
  18  1:04  Probe  
  19  1:20  Nexus  
  19  1:23  Probe  
  20  1:33  Cybernetics Core  
  20  1:35  Probe  
  21  1:40  Assimilator  
  21  1:47  Probe  
  21  1:50  Pylon  
  22  1:59  Probe  
  22  2:00  Adept  
  23  2:07  Probe  
  23  2:15  Probe  
  26  2:21  Stargate  
  27  2:26  Adept, Probe  
  30  2:33  Probe  
  30  2:36  Warp Gate  
  31  2:38  Probe  
  32  2:45  Probe  
  32  2:50  Probe  
  34  2:54  Oracle  
  34  2:57  Probe  
  35  3:02  Probe  
  39  3:09  Probe  
  39  3:12  Pylon  
  40  3:14  Probe  
  41  3:21  Probe  
  41  3:24  Phoenix  
  41  3:26  Probe  
  43  3:32  Assimilator  
  43  3:33  Probe  
  46  3:38  Probe  
  47  3:42  Gateway  
  47  3:43  Gateway  
  47  3:45  Probe  
  47  3:46  Phoenix  
  48  3:50  Probe  
  48  3:54  Shield Battery  
  49  3:57  Probe  
  49  4:00  Pylon  
  50  4:03  Probe  
  50  4:07  Twilight Council  
  50  4:09  Phoenix  
  51  4:11  Forge  
  51  4:15  Probe  
  54  4:19  Pylon  
  54  4:20  Probe  
  55  4:27  Protoss Ground Armor Level 1, Probe  
  55  4:30  Phoenix  
  56  4:33  Probe  
  59  4:38  Pylon  
  59  4:39  Probe  
  59  4:40  Charge  
  60  4:55  Gateway x2  
  60  4:57  Gateway  
  60  5:01  Phoenix  
  60  5:06  Gateway  
  62  5:08  Gateway  
  62  5:17  Sentry  
  62  5:18  Zealot x2  
  68  5:28  Phoenix  
  70  5:34  Nexus  
  70  5:38  Zealot  
  70  5:41  Pylon  
  72  5:46  Zealot x2  
  76  5:53  Phoenix  
  78  5:57  Pylon  
  78  5:59  Pylon  
  78  6:05  Zealot x3  
  78  6:10  Zealot  
  86  6:17  Zealot x3  
  86  6:18  Sentry  
  94  6:23  Phoenix  
  96  6:38  Zealot x3  
  98  6:52  Zealot x3  
  98  6:53  Probe x2  
  102  6:54  Probe  
  102  7:05  Probe x2  
  102  7:06  Probe  
  88  7:08  Protoss Ground Weapons Level 1  
  88  7:09  Phoenix  
  88  7:14  Blink  
  88  7:15  Zealot x3  
  92  7:17  Probe  
  92  7:18  Pylon  
  94  7:23  Pylon  
  94  7:28  Robotics Facility  
  93  7:30  Probe  
  93  7:34  Probe  
  93  7:35  Probe  
  96  7:40  Phoenix  
  96  7:42  Probe  
  99  7:46  Probe  
  99  7:47  Probe  
  99  7:48  Assimilator  
  101  7:54  Probe  
  102  7:59  Probe  
  102  8:02  Probe  
  102  8:05  Phoenix  
  106  8:06  Assimilator  
  106  8:08  Assimilator  
  106  8:11  Stalker x4  
  114  8:12  Observer  
  114  8:14  Probe x2  
  117  8:22  Pylon, Immortal  
  118  8:27  Probe x2  
  118  8:30  Phoenix  
  125  8:38  Pylon  
  125  8:40  Pylon  
  123  8:51  Robotics Bay  
  123  8:53  Zealot x5  
  133  8:56  Pylon, Phoenix  
  133  9:00  Immortal  
  137  9:12  Zealot x3  
  143  9:19  Pylon x2  
  143  9:21  Colossus, Phoenix  
  132  9:26  Stalker x3  
  136  9:44  Stalker  
  136  9:45  Stalker  
  146  9:55  Zealot x5  
  152  10:09  Zealot x3  
  146  10:18  Zealot x5  
  103  10:30  Zealot x3  
Tags
 
Add a new tag
Caveats
  • Supply blocks, unpowered buildings, or Contaminate may cause inaccurate times.
  • Supply counts are checked every 10 seconds.